1843 views
Uploaded 2022-12-17 14:54:32
Game version 1.32.10
20:10 long 1on1 ladder game on (2)LastRefuge
Saved by DKnight
1843 views
Uploaded 2022-12-17 14:54:32
Game version 1.32.10
20:10 long 1on1 ladder game on (2)LastRefuge

38 units @ 6k
/ 0.9k
13 buildings @ 2.1k
/ 0.9k



| Rod of Necromancy | 3 | 450 |
| Ritual Dagger | 1 | 125 |
| Orb of Corruption | 1 | 375 |
| Potion of Mana | 1 | 200 |
| Potion of Healing | 1 | 150 |
| Scroll of Healing | 1 | 250 |
| Scroll of Town Portal | 1 | 350 |
| Potion of Lesser Invulnerability | 3 | 450 |
| total: | 12 | 2350g |
| Acolyte | 11 | 825 | / | 0 |
| Ghoul | 7 | 840 | / | 0 |
| Crypt Fiend | 14 | 3010 | / | 560 |
| Obsidian Statue | 2 | 400 | / | 70 |
| Abomination | 2 | 480 | / | 140 |
| Meat Wagon | 2 | 460 | / | 100 |
| total: | 38 | 6015g | / | 870w |
| Crypt | 1 | 200 | / | 50 |
| Altar of Darkness | 1 | 180 | / | 50 |
| Ziggurat | 6 | 900 | / | 300 |
| Tomb of Relics | 1 | 130 | / | 30 |
| Graveyard | 1 | 215 | / | 0 |
| Slaughterhouse | 2 | 280 | / | 270 |
| Boneyard | 1 | 175 | / | 200 |
| Halls of the Dead | 2 | 640 | / | 420 |
| Black Citadel | 1 | 325 | / | 230 |
| total: | 13 | 2080g | / | 900w |
| 0:04 | Acolyte |
| 0:04 | Acolyte |
| 0:08 | Crypt |
| 0:12 | Altar of Darkness |
| 0:34 | Ziggurat |
| 0:42 | Acolyte |
| 0:59 | Tomb of Relics |
| 1:08 | Ghoul |
| 1:20 | Ghoul |
| 1:34 | Ziggurat |
| 1:54 | Ghoul |
| 2:09 | Ghoul |
| 2:24 | Rod of Necromancy |
| 2:41 | Death Coil |
| 2:45 | Halls of the Dead |
| 3:27 | Graveyard |
| 3:29 | Ghoul |
| 3:43 | Ghoul |
| 4:04 | Ghoul |
| 4:27 | Rod of Necromancy |
| 4:27 | Ritual Dagger |
| 4:35 | Ziggurat |
| 4:51 | Crypt Fiend |
| 5:13 | Unholy Aura |
| 5:49 | Slaughterhouse |
| 6:13 | Crypt Fiend |
| 6:33 | Rod of Necromancy |
| 6:37 | Frost Nova |
| 6:44 | Black Citadel |
| 6:55 | Ziggurat |
| 7:38 | Death Coil |
| 7:43 | Crypt Fiend |
| 8:00 | Obsidian Statue |
| 8:03 | Ziggurat |
| 8:40 | Dark Ritual |
| 8:50 | Web |
| 8:53 | Burrow |
| 9:01 | Potion of Lesser Invulnerability |
| 9:02 | Scroll of Healing |
| 9:06 | Ghoul Frenzy |
| 9:09 | Crypt Fiend |
| 9:11 | Obsidian Statue |
| 9:14 | Creature Attack |
| 9:21 | Orb of Corruption |
| 9:49 | Destroyer Form |
| 10:44 | Crypt Fiend |
| 11:20 | Crypt Fiend |
| 11:39 | Crypt Fiend |
| 11:40 | Abomination |
| 12:12 | Unholy Aura |
| 12:32 | Crypt Fiend |
| 12:34 | Ziggurat |
| 12:49 | Acolyte |
| 12:50 | Acolyte |
| 12:50 | Acolyte |
| 13:02 | Meat Wagon |
| 13:18 | Frost Nova |
| 13:26 | Potion of Lesser Invulnerability |
| 13:32 | Meat Wagon |
| 14:07 | Slaughterhouse |
| 14:30 | Crypt Fiend |
| 14:34 | Acolyte |
| 15:17 | Crypt Fiend |
| 15:41 | Crypt Fiend |
| 15:42 | Abomination |
| 16:03 | Crypt Fiend |
| 16:12 | Scroll of Town Portal |
| 16:34 | Potion of Mana |
| 16:34 | Potion of Healing |
| 16:53 | Boneyard |
| 17:29 | Potion of Lesser Invulnerability |
| 17:33 | Crypt Fiend |
| 17:36 | Acolyte |
| 17:59 | Silence |
| 18:17 | Crypt Fiend |
| 18:32 | Acolyte |
| 18:32 | Acolyte |
| 18:55 | Acolyte |
| Right click | 1078 |
| Select group | 836 |
| Select | 423 |
| Build/train/purchase | 100 |
| Misc. action | 91 |
| Assign group | 51 |
| Use ability | 37 |
| Item give/drop | 4 |
| Remove unit | 4 |
33 units @ 5.5k
/ 0.8k
16 buildings @ 2.6k
/ 0.9k


| Rod of Necromancy | 2 | 300 |
| Sacrificial Skull | 1 | 50 |
| Orb of Corruption | 2 | 750 |
| Potion of Mana | 2 | 400 |
| Potion of Healing | 1 | 150 |
| Scroll of Town Portal | 1 | 350 |
| Periapt of Vitality | 1 | 325 |
| total: | 10 | 2325g |
| Acolyte | 7 | 525 | / | 0 |
| Ghoul | 4 | 480 | / | 0 |
| Crypt Fiend | 10 | 2150 | / | 400 |
| Gargoyle | 11 | 1925 | / | 330 |
| Frost Wyrm | 1 | 385 | / | 120 |
| total: | 33 | 5465g | / | 850w |
| Nerubian Tower | 2 | 200 | / | 40 |
| Spirit Tower | 5 | 725 | / | 200 |
| Crypt | 2 | 400 | / | 100 |
| Altar of Darkness | 1 | 180 | / | 50 |
| Ziggurat | 10 | 1500 | / | 500 |
| Graveyard | 1 | 215 | / | 0 |
| Tomb of Relics | 1 | 130 | / | 30 |
| Boneyard | 1 | 175 | / | 200 |
| Halls of the Dead | 1 | 320 | / | 210 |
| Black Citadel | 1 | 325 | / | 230 |
| total: | 16 | 2600g | / | 880w |
| 0:02 | Acolyte |
| 0:02 | Acolyte |
| 0:30 | Acolyte |
| 0:37 | Crypt |
| 0:41 | Altar of Darkness |
| 0:49 | Ziggurat |
| 1:02 | Graveyard |
| 1:42 | Ghoul |
| 1:42 | Ghoul |
| 2:10 | Tomb of Relics |
| 2:18 | Ziggurat |
| 2:25 | Crypt Fiend |
| 2:42 | Creature Attack |
| 2:47 | Death Coil |
| 3:11 | Nerubian Tower |
| 3:29 | Crypt Fiend |
| 3:49 | Rod of Necromancy |
| 3:50 | Sacrificial Skull |
| 4:00 | Halls of the Dead |
| 4:11 | Creature Carapace |
| 4:31 | Unholy Aura |
| 4:37 | Crypt Fiend |
| 5:08 | Spirit Tower |
| 5:20 | Crypt Fiend |
| 5:47 | Rod of Necromancy |
| 5:58 | Crypt Fiend |
| 6:01 | Crypt Fiend |
| 6:10 | Ziggurat |
| 6:33 | Gargoyle |
| 6:33 | Gargoyle |
| 7:23 | Death Coil |
| 7:25 | Gargoyle |
| 7:43 | Ziggurat |
| 7:54 | Acolyte |
| 7:56 | Acolyte |
| 8:15 | Impale |
| 8:44 | Spirit Tower |
| 8:45 | Acolyte |
| 8:45 | Acolyte |
| 8:50 | Ziggurat |
| 8:53 | Ziggurat |
| 9:01 | Improved Creature Attack |
| 9:19 | Gargoyle |
| 9:46 | Improved Creature Carapace |
| 9:56 | Ghoul |
| 9:56 | Ghoul |
| 9:59 | Black Citadel |
| 10:06 | Carrion Beetles |
| 10:15 | Nerubian Tower |
| 10:16 | Spirit Tower |
| 10:30 | Crypt |
| 10:58 | Gargoyle |
| 10:59 | Crypt Fiend |
| 11:39 | Gargoyle |
| 11:43 | Crypt Fiend |
| 11:48 | Ziggurat |
| 11:50 | Ziggurat |
| 12:25 | Boneyard |
| 12:32 | Advanced Creature Attack |
| 12:50 | Crypt Fiend |
| 12:55 | Orb of Corruption |
| 12:56 | Potion of Mana |
| 13:08 | Crypt Fiend |
| 13:36 | Unholy Aura |
| 13:53 | Spirit Tower |
| 13:54 | Spirit Tower |
| 13:59 | Gargoyle |
| 14:02 | Gargoyle |
| 14:08 | Frost Wyrm |
| 14:29 | Scroll of Town Portal |
| 14:37 | Periapt of Vitality |
| 14:56 | Impale |
| 16:08 | Web |
| 16:11 | Stone Form |
| 16:20 | Advanced Creature Carapace |
| 16:38 | Potion of Mana |
| 16:57 | Potion of Healing |
| 17:08 | Orb of Corruption |
| 17:30 | Death Coil |
| 17:32 | Carrion Beetles |
| 17:46 | Gargoyle |
| 18:02 | Unholy Armor |
| 18:17 | Ziggurat |
| 18:26 | Gargoyle |
| 18:28 | Gargoyle |
| 19:05 | Ghoul Frenzy |
| 19:31 | Ziggurat |
| Right click | 406 |
| Select | 275 |
| Select group | 237 |
| Build/train/purchase | 94 |
| Use ability | 37 |
| Assign group | 28 |
| Item give/drop | 5 |
| Remove unit | 4 |